 Dungeon Crawl Stone Soup version 0.22-a0-305-gd21a89c (webtiles) character file.

217 b5mith the Slasher (level 5, -1/47 HPs)
             Began as a Minotaur Berserker on Mar 29, 2018.
             Was a Believer of Trog.
             Slain by an orange demon (6 damage)
             ... on level 1 of the Abyss.
             The game lasted 00:09:21 (3120 turns).

b5mith the Slasher (Minotaur Berserker)             Turns: 3120, Time: 00:09:21

Health: -1/47      AC: 12    Str: 22    XL:     5   Next: 62%
Magic:  4/4        EV:  7    Int:  4    God:    Trog [**....]
Gold:   145        SH:  0    Dex: 10    Spells: 4/4 levels left

rFire    . . .     SeeInvis .   a - +0 falchion
rCold    . . .     Gourm    .   (no shield)
rNeg     . . .     Faith    .   h - +0 plate armour
rPois    .         Spirit   .   d - +1 hat
rElec    .         Reflect  .   (no cloak)
rCorr    .         Harm     .   (no gloves)
MR       .....                  (no boots)
Stlth    ..........             (no amulet)
HPRegen  0.15/turn              (no ring)
MPRegen  0.09/turn              (no ring)

@: lethally poisoned (-1 -> -18), berserk cooldown
A: retaliatory headbutt, horns 2
a: Berserk, Trog's Hand, Renounce Religion


You were on level 1 of the Abyss.
You worshipped Trog.
Trog was pleased with you.
You were not hungry.

You visited 1 branch of the dungeon, and saw 4 of its levels.
You visited the Abyss 1 time.

You collected 145 gold pieces.

Inventory:

Hand Weapons
 a - a +0 falchion (weapon)
 b - a +0 hunting sling
Missiles
 l - 100 stones (quivered)
 t - 15 arrows
 w - 13 sling bullets
Armour
 d - a +1 hat (worn)
 h - a +0 plate armour (worn)
 o - a +0 animal skin
 v - a +0 pair of boots
Jewellery
 r - a +5 ring of intelligence
Scrolls
 e - 5 scrolls of magic mapping
 f - a scroll of enchant weapon {unknown}
 j - a scroll of remove curse {@r2}
 k - 7 scrolls of identify {@r1}
 q - 3 scrolls of fog
 s - 2 scrolls of immolation {unknown}
Potions
 g - a potion of mutation {unknown}
 i - 3 potions of curing {unknown}
 m - a potion of agility {unknown}
 n - 2 potions of haste {unknown}
 p - a potion of ambrosia {unknown}
 u - 3 potions of lignification {unknown}
Comestibles
 c - 10 rations


   Skills:
 + Level 4.9 Fighting
 + Level 4.9 Long Blades
 + Level 4.1 Armour
 + Level 3.7 Dodging


You had 4 spell levels left.
You didn't know any spells.

Dungeon Overview and Level Annotations

Branches:
Dungeon (4/15)
 Temple: D:4-7

Altars:
Ashenzari
Dithmenos
Elyvilon
Hepliaklqana
Nemelex Xobeh
Qazlal
Ru
Yredelemnul

Annotations:
D:4 Sigmund


Innate Abilities, Weirdness & Mutations

You reflexively headbutt those who attack you in melee.
You have a pair of horns on your head.


Message History

* * * LOW HITPOINT WARNING * * *
You feel sick. The orange demon stings you.
* * * LOW HITPOINT WARNING * * *
The orange demon hits you but does no damage.
You hit the orange demon but do no damage.
You headbutt the orange demon, but do no damage.
* * * LOW HITPOINT WARNING * * *
You feel sick. The orange demon closely misses you. x2
You're still recovering from your berserk rage.
You hit the orange demon. You headbutt the orange demon!
The orange demon is lightly wounded.
* * * LOW HITPOINT WARNING * * *
You feel sick. The orange demon stings you.
* * * LOW HITPOINT WARNING * * *
The orange demon hits you but does no damage.
Your plate armour prevents you from hitting the orange demon.
The orange demon is lightly wounded.
* * * LOW HITPOINT WARNING * * *
You feel sick. The orange demon stings you.
You die...

.#.... ##
......... ..
........ ..#
...... ###..# .
.....## .#..# ..
##...#.####..#
...#...........#
..........###.##
.......@4..#.#.#
#####....###..##
#..#.#.##. .##
#..##..####...#
#..# #....
##.### . ##.
####. . #..####.
. . #....#.#.#.
.. # . . # ...
.#. ... ...#
...###. ###.#..
#


You could see an orange demon.

Vanquished Creatures
  A scorpion (D:4)
  A bullfrog skeleton (D:4)
  An iguana (D:4)
  A hound skeleton (D:4)
  2 adders (D:3)
  A shadow imp (D:3)
  2 oozes
  2 worms (D:3)
  A leopard gecko (D:3)
  2 orcs
  6 bats
  3 giant cockroaches
  3 goblins
  10 hobgoblins
  2 jackals (D:3)
  A quokka (D:3)
  5 frilled lizards
  9 kobolds
  7 rats
60 creatures vanquished.

Vanquished Creatures (others)
  4 starspawn tentacles (Abyss:1)
4 creatures vanquished.

Grand Total: 64 creatures vanquished

Notes
Turn   | Place    | Note
-------+----------+-------------------------------------------
     0 | D:1      | b5mith the Minotaur Berserker began the quest for the Orb.
     0 | D:1      | Reached XP level 1. HP: 19/19 MP: 0/0
   419 | D:1      | Reached XP level 2. HP: 27/27 MP: 1/1
  1210 | D:2      | Found a sparkling altar of Nemelex Xobeh.
  1210 | D:2      | Found a stormy altar of Qazlal.
  1227 | D:2      | Reached XP level 3. HP: 33/33 MP: 2/2
  1581 | D:2      | Found a shadowy altar of Dithmenos.
  1581 | D:2      | Found a sacrificial altar of Ru.
  1586 | D:2      | Found a shattered altar of Ashenzari.
  1588 | D:2      | Found a hazy altar of Hepliaklqana.
  1590 | D:2      | Found a basalt altar of Yredelemnul.
  1787 | D:3      | Reached ** piety under Trog
  2033 | D:3      | Reached XP level 4. HP: 40/40 MP: 3/3
  2177 | D:3      | Found a faded altar of an unknown god.
  2450 | D:4      | Found a white marble altar of Elyvilon.
  2734 | D:4      | Noticed Sigmund
  2751 | D:4      | Reached XP level 5. HP: 24/47 MP: 4/4
  3023 | D:4      | Cast into level 1 of the Abyss (Sigmund)
  3062 | Abyss:1  | Noticed a tentacled starspawn
  3080 | Abyss:1  | Noticed a wretched star
  3102 | Abyss:1  | Noticed an orange demon
  3120 | Abyss:1  | Slain by an orange demon

Vault maps used:
D:1:      wheals_arrival_linesprint
D:2:      nicolae_overflow_hidden_temple, chequers_temple_overflow_minitemple,
          serial_co_window_serial, co_window_paths_b, co_window_corner_a,
          co_window_corner_a, co_window_of_opportunity_a, co_window_paths_b,
          co_window_paths_a, co_window_of_opportunity_a, co_window_cross_1,
          co_window_paths_a, co_window_of_opportunity_b, co_window_2corner,
          co_window_of_opportunity_c, co_window_of_opportunity_c,
          co_window_paths_c, co_window_unsneaky_path_d,
          co_window_of_opportunity_b
D:3:      chequers_ecumenical_altar_lobes
D:4:      minmay_misc_feat_chi, elyvilon_altar_1, uniq_sigmund

Skill      XL: |  1  2  3  4  5 |
---------------+----------------+-----
Fighting       | 4 |  4.9
Long Blades    | 4 |  4.9
Armour         | 3 4 |  4.1
Dodging        | 3 |  3.7

Action                   |  1- 3 |  4- 6 || total
-------------------------+-------+-------++-------
Melee: Falchion          |    82 |    31 ||   113
       Headbutt          |    15 |     6 ||    21
 Fire: Hunting sling     |    35 |    35 ||    70
Invok: Berserk           |       |     1 ||     1
  Use: Scroll            |     3 |     1 ||     4
  Eat: Chunk             |     3 |     3 ||     6
       Ration            |       |     1 ||     1
Armor: Plate armour      |    37 |    22 ||    59
       Animal skin       |     1 |       ||     1
Dodge: Dodged            |    23 |    11 ||    34
       Rpst.: Falchion   |     5 |     1 ||     6

Table legend:
 A = Spawn XP
 B = Non-spawn XP
 C = Spawn XP percentage of total XP
 D = Spawn monster count
 E = Non-spawn monster count
 F = Spawn count percentage of total count
 G = Total turns spent on level
                    A         B        C        D         E        F      G
               +---------+---------+-------+---------+---------+-------+---------
         Total |       0 |     311 |   0.0 |       0 |      60 |   0.0 |  3120
               +---------+---------+-------+---------+---------+-------+---------
           D:1 |       0 |      33 |   0.0 |       0 |      20 |   0.0 |   941
           D:2 |       0 |      24 |   0.0 |       0 |      13 |   0.0 |   790
           D:3 |       0 |      81 |   0.0 |       0 |      21 |   0.0 |   681
           D:4 |       0 |     173 |   0.0 |       0 |       6 |   0.0 |   611
               +---------+---------+-------+---------+---------+-------+---------
